 Dungeon Crawl Stone Soup version 0.23-a0-143-g1adec7bb76 (webtiles) character file.

234 Napalmbreeze the Chopper (level 5, 0/46 HPs)
             Began as a Minotaur Gladiator on Sept 4, 2018.
             Succumbed to a worker ant's poison
             ... on level 3 of the Dungeon.
             The game lasted 00:04:18 (3004 turns).

Napalmbreeze the Chopper (Minotaur Gladiator)       Turns: 3004, Time: 00:04:18

Health: 0/46       AC:  5    Str: 18    XL:     5   Next: 75%
Magic:  4/4        EV: 13    Int:  5    God:
Gold:   70         SH:  0    Dex: 13    Spells: 4/4 levels left

rFire    . . .     SeeInvis .   u - +0 dagger (elec)
rCold    . . .     Gourm    .   (no shield)
rNeg     . . .     Faith    .   g - +0 ring mail
rPois    .         Spirit   .   c - +0 hat
rElec    .         Reflect  .   (no cloak)
rCorr    .         Harm     .   (no gloves)
MR       .....                  (no boots)
Stlth    +.........             (no amulet)
HPRegen  0.15/turn              (no ring)
MPRegen  0.09/turn              (no ring)

@: lethally poisoned (0 -> -7), hasted, very quick
A: retaliatory headbutt, horns 2
a: no special abilities


You were on level 3 of the Dungeon.
You were not hungry.

You visited 1 branch of the dungeon, and saw 4 of its levels.

You collected 70 gold pieces.

Inventory:

Hand Weapons
 a - a +0 war axe
 u - a +0 dagger of electrocution (weapon)
Missiles
 d - 3 throwing nets (quivered)
Armour
 c - a +0 hat (worn)
 g - a +0 ring mail (worn)
Jewellery
 l - a cursed -3 ring of intelligence {unknown}
 m - an uncursed ring of resist corrosion {unknown}
 o - an uncursed ring of protection from fire {unknown}
 x - an uncursed ring of protection from fire {unknown}
Wands
 s - a wand of flame (29)
Scrolls
 e - 3 scrolls of noise {unknown}
 h - 2 scrolls of remove curse {unknown}
 k - 6 scrolls of identify {unknown}
 q - a scroll of random uselessness {unknown}
 t - 2 scrolls of fear {unknown}
 v - a scroll of magic mapping {unknown}
 w - 2 scrolls of blinking {unknown}
 y - a scroll of immolation {unknown}
Potions
 j - a potion of agility {unknown}
 n - a potion of heal wounds {unknown}
 p - a potion of lignification {unknown}
 r - a potion of magic {unknown}
Comestibles
 f - 5 rations
 z - 2 chunks of flesh


   Skills:
 + Level 3.9 Fighting
 * Level 5.7 Axes
 - Level 2.0 Throwing
 + Level 2.8 Armour
 + Level 4.3 Dodging


You had 4 spell levels left.
You didn't know any spells.
Your spell library was empty.

Dungeon Overview and Level Annotations

Branches:
Dungeon (4/15)
 Temple: D:4-7

Altars:
Ashenzari
Elyvilon
Gozag
Nemelex Xobeh
Wu Jian


Innate Abilities, Weirdness & Mutations

You reflexively headbutt those who attack you in melee.
You have a pair of horns on your head.


Message History

You furiously retaliate!
You headbutt the gnoll! You closely miss the worker ant.
The worker ant is severely wounded.
* * * LOW HITPOINT WARNING * * *
You feel sick.
The worker ant bites you but does no damage.
The orc wizard hits you but does no damage.
The gnoll hits you with a whip.
* * * LOW HITPOINT WARNING * * *
It was a potion of cancellation.
You feel magically purged.
* * * LOW HITPOINT WARNING * * *
You feel sick. The worker ant barely misses you.
The orc wizard completely misses you. You furiously retaliate!
You headbutt the orc wizard! The gnoll barely misses you.
You furiously retaliate!
You headbutt the gnoll, but do no damage.
The worker ant bites you.
* * * LOW HITPOINT WARNING * * *
It was a potion of haste.
You feel yourself speed up.
You die...

#.##.# #.##.# #.##.#
#..#.### ##.#...#
#.....# ##....# ###
####.[.(# #)#
#...a@o.# #.#
#.###g..## ###<#
#.).'....# ....#
#..##....## ##..#
######[.##.....#
....###.......##.....#
.)....#.####..#####..#
#####.#.# #..# #..#
#.#.####..#####..#


You could see a worker ant, an orc wizard and a gnoll.

Vanquished Creatures
  3 orc wizards (D:3)
  A worker ant (D:3)
  3 gnolls
  An adder (D:3)
  An ooze (D:3)
  2 dart slugs
  2 leopard geckos
  5 orcs
  A ball python (D:3)
  7 bats
  7 giant cockroaches
  11 goblins
  7 hobgoblins
  3 jackals (D:3)
  A quokka (D:2)
  6 frilled lizards
  6 kobolds
  6 rats
73 creatures vanquished.

Vanquished Creatures (others)
  A quokka (D:3)
1 creature vanquished.

Grand Total: 74 creatures vanquished

Notes
Turn   | Place    | Note
-------+----------+-------------------------------------------
     0 | D:1      | Napalmbreeze the Minotaur Gladiator began the quest for the
                  | Orb.
     0 | D:1      | Reached XP level 1. HP: 18/18 MP: 0/0
   101 | D:1      | Reached XP level 2. HP: 21/25 MP: 1/1
   154 | D:1      | Reached skill level 4 in Axes
   272 | D:1      | Reached skill level 1 in Armour
   305 | D:1      | Reached XP level 3. HP: 15/30 MP: 2/2
  2038 | D:3      | Found a white marble altar of Elyvilon.
  2131 | D:3      | Reached XP level 4. HP: 38/38 MP: 3/3
  2320 | D:3      | Found an opulent altar of Gozag.
  2349 | D:3      | Reached skill level 5 in Axes
  2351 | D:3      | Reached XP level 5. HP: 9/45 MP: 4/4
  2787 | D:3      | Found an ornate altar of the Wu Jian Council.
  2788 | D:3      | Found a sparkling altar of Nemelex Xobeh.
  2788 | D:3      | Found a shattered altar of Ashenzari.
  3003 | D:3      | HP: 2/46 [poisoned by a worker ant]
  3004 | D:3      | Succumbed to a worker ant's poison

Vault maps used:
D:1:      co_arrival_square_in_a_square_in_a_square, st_stairs_7
D:3:      elyvilon_altar_4, gammafunk_temple_overflow_claw,
          nicolae_gozag_seed_capital
D:4:      kennysheep_potato

Skill      XL: |  1  2  3  4 |
---------------+-------------+-----
Axes           | 4 5 |  5.7
Armour         | 1 2 |  2.8
Fighting       | 3 |  3.9
Dodging        | 4 |  4.3
Throwing       | |  2.0

Action                   |  1- 3 |  4- 6 || total
-------------------------+-------+-------++-------
Melee: War axe           |    93 |    22 ||   115
       Headbutt          |    10 |    13 ||    23
       Dagger            |       |    28 ||    28
  Use: Potion            |       |     2 ||     2
  Eat: Chunk             |     4 |     3 ||     7
Armor: Leather armour    |    20 |       ||    20
       Ring mail         |    11 |    18 ||    29
Dodge: Dodged            |    66 |    40 ||   106

Table legend:
 A = Non-vault XP
 B = Vault XP
 C = Vault XP percentage of total XP
 D = Non-vault monster count
 E = Vault monster count
 F = Vault count percentage of total count
                 A         B        C        D         E       F
            +---------+---------+-------+---------+---------+-------
      Total |     332 |       3 |   0.9 |      71 |       2 |   2.7
            +---------+---------+-------+---------+---------+-------
        D:1 |      58 |       3 |   4.9 |      26 |       2 |   7.1
        D:2 |      21 |       0 |   0.0 |      13 |       0 |   0.0
        D:3 |     236 |       0 |   0.0 |      30 |       0 |   0.0
        D:4 |      17 |       0 |   0.0 |       2 |       0 |   0.0
            +---------+---------+-------+---------+---------+-------
